Reakly vs the sloth

Match 21306475
End
Kettenkrad Recon Vehicle
Construct Infanterie Kompanie
Grenadier Squad
Grenadier Squad
MG 42 Machine Gun Team
Construct Panzergrenadier Kompanie
Panzergrenadier Squad
Panzergrenadier Squad
Selects Mechanized Battlegroup
Selects Raid Package
Selects 8 Rad Armored Car
8 Rad Armored Car
Pak 40 Anti-tank Gun Team
Selects UNKNOWN (2160084)
Construct Panzer Kompanie
Panzergrenadier Officer Quarters
Pak 40 Anti-tank Gun Team
Selects Mobile Repair Stations
Selects Stoßtruppen Assault Package
Pak 40 Anti-tank Gun Team
Selects Zeroing Artillery Barrage
Sturmpanzer IV Brummbär
Panzergrenadier Squad
The Sloth
Reakly
0
0

Comments sign in to comment!

No comments posted yet!